 Dungeon Crawl Stone Soup version 0.20.1-1-g8b1a95d (webtiles) character file.

50 Imonibus the Skirmisher (level 3, -1/29 HPs)
             Began as a Demonspawn Chaos Knight on Oct 14, 2017.
             Slain by a worm (5 damage)
             ... on level 2 of the Dungeon.
             The game lasted 00:02:53 (1109 turns).

Imonibus the Skirmisher (Demonspawn Chaos Knight)   Turns: 1109, Time: 00:02:54

Health: -1/29      AC:  7    Str: 13    XL:     3   Next: 55%
Magic:  3/3        EV: 11    Int: 13    God:    Xom [...*..]
Gold:   31         SH:  0    Dex: 12    Spells: 2/2 levels left

rFire    . . .     SeeInvis .   a - +0 short sword (chaos)
rCold    . . .     Gourm    .   (no shield)
rNeg     . . .     Faith    .   b - +2 leather armour
rPois    .         Spirit   .   (no helmet)
rElec    .         Reflect  .   (no cloak)
rCorr    .         Harm     .   (no gloves)
MR       .....                  (no boots)
Stlth    +.........             (no amulet)
Regen    0.1/turn               (no ring)
MPRegen  0.1/turn               (no ring)

@: confused
A: molten scales 1
a: Renounce Religion


You were on level 2 of the Dungeon.
You worshipped Xom.
You were a favourite toy of Xom.
You were not hungry.

You visited 1 branch of the dungeon, and saw 2 of its levels.

You collected 31 gold pieces.

Inventory:

Hand Weapons
 a - a +0 short sword of chaos (weapon)
 g - a +0 hunting sling
Armour
 b - a +2 leather armour (worn)
Scrolls
 d - a scroll of identify
Books
 e - Jiekhlie's Incunabulum of Flying Poison
   (Xom gifted it to you on level 1 of the Dungeon)

   Spells                             Type                      Level
   a - Sting                          Conjuration/Poison           1
   b - Poisonous Vapours              Poison/Air                   2
   c - Spider Form                    Transmutation/Poison         3
   d - Summon Lightning Spire         Summoning/Air                4
   e - Freezing Cloud                 Conjuration/Ice/Air          6
Comestibles
 c - 2 bread rations


   Skills:
 + Level 3.5 Fighting
 + Level 3.3 Short Blades
 + Level 2.1 Armour
 + Level 1.0 Dodging
 + Level 0.6 Stealth


You had 2 spell levels left.
You didn't know any spells.

Dungeon Overview and Level Annotations

Branches:
Dungeon (2/15)

Altars:

Annotations:
D:2 Sigmund


Innate Abilities, Weirdness & Mutations

You are partially covered in molten scales. (AC +2)


Message History

The worm is no longer petrified.
Sigmund shouts!
Sigmund moves out of view.
You hit the giant cockroach.
The giant cockroach is moderately wounded.
The giant cockroach bites you but does no damage.
You hit the giant cockroach.
The giant cockroach is heavily wounded.
The worm looks more healthy. x2
The giant cockroach bites you but does no damage.
The worm barely misses you.
You hit the giant cockroach. You freeze the giant cockroach.
You kill the giant cockroach!
The worm barely misses you.
A bat comes into view.
Sigmund points at you and mumbles some strange words.
You are confused.
The worm bites you.
You die...
Xom laughs nastily!

#.........######.........
#.......).# ####.........
#.........# #.........#.#
#.........# #.........# #
#.........# #.........#
#.........# #.........#
#.........# #....w....#
#############....w....#
#.....b..@..@..#
......)...w####.......
#..#.......# ....... .
#.......# .......
#.......# .......
#.####### ....... #..
#+##.## ... .#


You could see Sigmund, 3 worms and a bat.

Vanquished Creatures
  An adder (D:2)
  A river rat (D:1)
  An ooze (D:1)
  2 dart slugs (D:1)
  A ball python (D:2)
  3 giant cockroaches
  2 goblins
  2 hobgoblins (D:1)
  4 frilled lizards
  3 kobolds
  5 rats
25 creatures vanquished.

Notes
Turn   | Place    | Note
-------+----------+-------------------------------------------
     0 | D:1      | Imonibus the Demonspawn Chaos Knight began the quest for the Orb.
     0 | D:1      | Reached XP level 1. HP: 18/18 MP: 1/1
   461 | D:1      | Gained mutation: You are partially covered in molten scales. (AC +2) [demonic ancestry]
   461 | D:1      | Reached XP level 2. HP: 24/24 MP: 2/2
   641 | D:1      | XOM: polymorph ooze -> river rat
   672 | D:1      | XOM: god gift: droning book {god gift}
   672 | D:1      | Identified Jiekhlie's Incunabulum of Flying Poison (Xom gifted it to you on level 1 of the Dungeon)
   823 | D:1      | Reached XP level 3. HP: 29/29 MP: 3/3
  1038 | D:2      | Reached skill level 1 in Dodging
  1103 | D:2      | Noticed Sigmund
  1109 | D:2      | Slain by a worm

Skill      XL: |  1  2  3 |
---------------+----------+-----
Short Blades   | 3 |  3.3
Armour         | 2 |  2.1
Dodging        | 1 |  1.0
Fighting       | |  3.5
Stealth        | |  0.6

Action                   || total
-------------------------++-------
Melee: Short sword       ||    98
  Use: Scroll            ||     5
       Potion            ||     1
 Stab: Petrifying        ||     1
  Eat: Royal jelly       ||     1
Armor: Leather armour    ||    25
Dodge: Dodged            ||    51
